 Dungeon Crawl Stone Soup version 0.17-a0-1404-gb8113a6 (webtiles) character file.

123 urechis the Spear-Bearer (level 5, -13/38 HPs)
             Began as a Merfolk Gladiator on June 21, 2015.
             Killed by divine providence
             ... invoked by an orc priest
              (14 damage)
             ... on level 3 of the Dungeon.
             The game lasted 00:04:20 (1968 turns).

urechis the Spear-Bearer (Merfolk Gladiator)        Turns: 1968, Time: 00:04:21

Health: -13/38     AC:  8    Str: 16    XL:     5   Next: 7%
Magic:  5/5        EV: 13    Int: 12    God:
Gold:   89         SH:  0    Dex: 15    Spells: 0 memorised, 4 levels left

rFire  . . .     SeeInvis .     a - +0 trident
rCold  . . .     Clarity  .     b - +0 leather armour
rNeg   . . .     SustAt   .     (no shield)
rPois  .         Gourm    .     c - +0 helmet
rElec  .         Spirit   .     (no cloak)
rCorr  .         Warding  .     (no gloves)
rMut   .         Stasis   .     (no boots)
MR     .....                    (no amulet)
Stlth  +.........               (no ring)
                                j - +4 ring of protection

@: brilliant, not resistant to hostile enchantments, very unstealthy
A: change form in water, swift swim
a: no special abilities


You were on level 3 of the Dungeon.
You were hungry.

You visited 1 branch of the dungeon, and saw 3 of its levels.

You collected 89 gold pieces.

Inventory:

Hand weapons
 a - a +0 trident (weapon)
Missiles
 e - 3 throwing nets (quivered)
Armour
 b - a +0 leather armour (worn)
 c - a +0 helmet (worn)
Jewellery
 j - a +4 ring of protection (left hand)
Scrolls
 h - a scroll of remove curse {unknown}
 i - a scroll of teleportation {unknown}
 m - a scroll of random uselessness {unknown}
 o - a scroll of recharging
Potions
 l - a potion of degeneration {unknown}
Comestibles
 d - 3 bread rations
 f - a meat ration
 n - 4 fruits


   Skills:
 - Level 2.1 Fighting
 + Level 8.1 Polearms
 - Level 2.0 Throwing
 - Level 4.0 Dodging


You had 4 spell levels left.
You didn't know any spells.

Dungeon Overview and Level Annotations

Branches:
Dungeon (3/15)

Altars:
Vehumet
The Shining One


Message History

The orc wizard misses you.
The orc priest calls upon Beogh to heal something.
You hit the orc.
You kill the orc!
The orc priest mumbles some strange prayers to Beogh against you.
Something smites you!
* * * LOW HITPOINT WARNING * * *
Things that are here:
a dagger; a kobold corpse You hit the giant newt.
You kill the giant newt!
You are too injured to fight recklessly!
Drink which item? (? for menu, Esc to quit)
It was a potion of brilliance.
You feel clever all of a sudden.
The orc wizard mumbles some strange words.
You feel troubled.
The orc priest calls down the wrath of Beogh upon you.
Something smites you!
You die...

....# #.#######.# #.#.########
###.# #.†.......# #.#........#
..#.# ########### #.########.#
..#.# #.# #.# ..#.# #.# #.# ..#.#
#†# #.# ..#.##########
#.########.#
.##>.........#########.......##†#
.##..........oo.@................
.###########oo#########.####.##+#
.# #...........# #.# # .... .#
#...........# #.# .... ##
#......o....# #+# ....
#...........# .).. ####........#
.... #........# #### .........#


You could see an orc priest, 2 orc wizards and an orc.

Vanquished Creatures
  Ijyb (D:2)
  3 adders (D:2)
  3 worms (D:3)
  An orc (D:3)
  A ball python (D:3)
  3 giant cockroaches
  7 hobgoblins
  3 jackals (D:1)
  A quokka (D:2)
  9 bats
  3 giant newts
  11 goblins
  7 kobolds
  4 rats
57 creatures vanquished.

Notes
Turn   | Place    | Note
--------------------------------------------------------------
     0 | D:1      | urechis the Merfolk Gladiator began the quest for the Orb.
     0 | D:1      | Reached XP level 1. HP: 16/16 MP: 1/1
    69 | D:1      | Reached skill level 5 in Polearms
    81 | D:1      | Reached XP level 2. HP: 20/22 MP: 2/2
   529 | D:1      | Reached XP level 3. HP: 22/27 MP: 3/3
   540 | D:1      | Reached skill level 6 in Polearms
   797 | D:2      | Found a radiant altar of Vehumet.
   798 | D:2      | Found a glowing golden altar of the Shining One.
  1102 | D:2      | Noticed Ijyb
  1115 | D:2      | Killed Ijyb
  1115 | D:2      | Reached skill level 7 in Polearms
  1115 | D:2      | Reached XP level 4. HP: 14/33 MP: 4/4
  1850 | D:3      | Reached skill level 8 in Polearms
  1894 | D:3      | Reached XP level 5. HP: 36/38 MP: 5/5
  1966 | D:3      | HP: 1/38 [orc priest/divine providence (9)]
  1968 | D:3      | Killed from afar by an orc priest

Vault maps used:
D:1:      lemuel_arrival_cross, nrook_loot_triangle, serial_bayou_crossing
D:2:      gammafunk_temple_overflow_statue, uniq_iyjb
D:3:      uniq_robin

Action                   |  1- 3 |  4- 6 || total
-------------------------+-------+-------++-------
Melee: Trident           |   135 |    74 ||   209
  Use: Scroll            |     6 |       ||     6
       Potion            |       |     1 ||     1
 Stab: Sleeping          |     2 |     1 ||     3
  Eat: Chunk             |       |     3 ||     3
